 Dungeon Crawl Stone Soup version 0.20-a0-993-gba41c3c (webtiles) character file.

478 Alarkh the Chopper (level 6, -8/44 HPs)
             Began as a Demonspawn Skald on Apr 11, 2017.
             Was a Believer of Trog.
             Splashed by an orc's acid (17 damage)
             ... on level 4 of the Dungeon.
             The game lasted 00:04:06 (3380 turns).

Alarkh the Chopper (Demonspawn Skald)               Turns: 3380, Time: 00:04:07

Health: -8/44      AC: 12    Str:  9 (12) XL:     6   Next: 85%
Magic:  9/9        EV:  8    Int: 13 (16) God:    Trog [**....]
Gold:   33         SH:  0    Dex: 13 (15) Spells: 8/9 levels left

rFire    . . .     SeeInvis .   a - +0 war axe
rCold    . . .     Gourm    .   (no shield)
rNeg     . . .     Faith    .   o - +3 scale mail {rPois}
rPois    +         Spirit   .   s - +0 helmet
rElec    .         Reflect  .   (no cloak)
rCorr    .         Harm     .   x - +0 pair of gloves {Dex+3}
MR       .....                  (no boots)
Stlth    ..........             r - amulet of regeneration
Regen    0.6/turn               (no ring)
MPRegen  0.2/turn               w - +2 ring of protection

@: corroded
A: icy blue scales 2, powered by death 1
a: Berserk, Trog's Hand, Burn Spellbooks, Renounce Religion


You were on level 4 of the Dungeon.
You worshipped Trog.
Trog was pleased with you.
You were not hungry.

You visited 1 branch of the dungeon, and saw 4 of its levels.

You collected 212 gold pieces.
You spent 179 gold pieces at shops.

Inventory:

Hand Weapons
 a - a +0 war axe (weapon)
 i - a +0 hand axe
Armour
 b - a +0 leather armour
 o - a +3 scale mail of poison resistance (worn)
 s - a +0 helmet (worn)
 x - a +0 pair of gloves of dexterity (worn)
Jewellery
 f - an uncursed ring of fire
 g - an uncursed ring of teleportation
 r - an amulet of regeneration (around neck)
 w - a +2 ring of protection (right hand)
Wands
 n - a wand of iceblast (15/15)
Scrolls
 e - a scroll of identify
 j - a scroll of amnesia {unknown}
 k - a scroll of noise {unknown}
 l - a scroll of immolation {unknown}
 m - 2 scrolls of remove curse
 q - a scroll of enchant armour {unknown}
 v - a scroll of magic mapping {unknown}
Potions
 p - 2 potions of lignification
 t - a potion of curing
Books
 c - a book of Battle

   Spells                             Type                      Level
   a - Infusion                       Charms                       1
   b - Shroud of Golubria             Charms/Translocation         2
   c - Song of Slaying                Charms                       2
   d - Spectral Weapon                Hexes/Charms                 3
   e - Regeneration                   Charms/Necromancy            3
   Trog disapproves of the use of such an item.
 u - a book of Minor Magic

   Spells                             Type                      Level
   a - Magic Dart                     Conjuration                  1
   b - Blink                          Translocation                2
   c - Call Imp                       Summoning                    2
   d - Slow                           Hexes                        2
   e - Conjure Flame                  Conjuration/Fire             3
   f - Mephitic Cloud                 Conjuration/Poison/Air       3
   Trog disapproves of the use of such an item.
Comestibles
 d - 4 bread rations
 h - a chunk of flesh


   Skills:
 - Level 2.0 Fighting
 + Level 6.8 Axes
 - Level 0.8 Armour
 - Level 1.7 Dodging
 - Level 2.0 Spellcasting
 - Level 2.6 Charms


You had 8 spell levels left.
You knew the following spells:

 Your Spells              Type           Power        Failure   Level  Hunger
a - Infusion              Chrm           #...         77%         1    ##.....


Dungeon Overview and Level Annotations

Branches:
Dungeon (4/15)
 Temple: D:4-7

Altars:
Trog

Shops:
D:4 *


Innate Abilities, Weirdness & Mutations

You are mostly covered in icy blue scales. (AC +3)
You regenerate a little health from kills.


Message History

You feel agile.
Some of the chunks of flesh in your inventory have rotted away.
d - 3 bread rations (gained 1)
p - 2 potions of lignification (gained 1) Eating one of 5 chunks of flesh.
You eat one of the 5 chunks of flesh.
This raw flesh tastes terrible.
You now have 33 gold pieces (gained 13).
d - 4 bread rations (gained 1) Some of the chunks of flesh in your inventory have rotted away.
An orc comes into view. It is wielding a flail.
An orc is nearby!
An orc is nearby!
An orc is nearby!
The orc zaps a wand.
The bolt of acid hits you! The acid corrodes you!
You are splashed with acid!
The acid burns!
It is a wand of acid (?/15).
You hit the orc but do no damage. The orc hits you but does no damage.
You closely miss the orc.
The orc zaps a wand.
The bolt of acid hits you!
* * * LOW HITPOINT WARNING * * *
The acid corrodes you!
You are splashed with acid!
The acid burns!
You die...

.##.#.##.##########
#......
...###...[ggg#
#.#####
.##...##.###.# #.#
......##.### #.#
...........# .# #.#
.#########.# .# #.#
.# #.# ### #####.#
#.# .#
#.###.###...#.# #.#
.# #.##...@o.....#
#.# .#
#####.###.###.P...#
#.# .#
#.........###.P∩..#
#.# .#
#.....######..P.P.#
#.# .# #.#####
#......# #.#
.#####.#
#.#)##.####.#
###....#
#...##.##...#
#....#
###.##.##.###
#....#
####.##.##)####...


You could see an orc.

Vanquished Creatures
  A phantom (D:4)
  A hound (D:4)
  An orc priest (D:4)
  4 orc wizards
  Ijyb (D:3)
  A worker ant (D:4)
  A hound skeleton (D:3)
  7 gnolls
  3 adders (D:3)
  A leopard gecko (D:2)
  15 orcs
  5 bats
  3 giant cockroaches
  6 goblins
  5 hobgoblins
  2 jackals (D:4)
  2 kobolds
  A quokka (D:4)
  A ball python (D:1)
  2 frilled lizards (D:3)
  6 rats
69 creatures vanquished.

Notes
Turn   | Place    | Note
-------+----------+-------------------------------------------
     0 | D:1      | Alarkh the Demonspawn Skald began the quest for the Orb.
     0 | D:1      | Reached XP level 1. HP: 16/16 MP: 3/3
   308 | D:1      | Reached skill level 2 in Axes
   698 | D:1      | Gained mutation: You are partially covered in icy blue scales. (AC +2) [demonic ancestry]
   698 | D:1      | Reached XP level 2. HP: 22/22 MP: 5/5
  1152 | D:2      | Reached skill level 3 in Axes
  1164 | D:2      | Gained mutation: You are mostly covered in icy blue scales. (AC +3) [demonic ancestry]
  1164 | D:2      | Reached XP level 3. HP: 22/27 MP: 6/6
  1978 | D:3      | Reached XP level 4. HP: 33/33 MP: 7/7
  1986 | D:3      | Found a faded altar of an unknown god.
  2034 | D:3      | Became a worshipper of Trog the Wrathful
  2034 | D:3      | Reached * piety under Trog
  2042 | D:3      | Reached skill level 4 in Axes
  2276 | D:3      | Reached XP level 5. HP: 38/38 MP: 8/8
  2335 | D:3      | Noticed Ijyb
  2422 | D:3      | Killed Ijyb
  2422 | D:3      | Reached skill level 5 in Axes
  2911 | D:4      | Reached ** piety under Trog
  2911 | D:4      | Gained mutation: You regenerate a little health from kills. [demonic ancestry]
  2911 | D:4      | Reached XP level 6. HP: 12/44 MP: 9/9
  3045 | D:4      | Reached skill level 6 in Axes
  3066 | D:4      | Found Levoihoa's Assorted Antiques.
  3088 | D:4      | Bought a fuming silvery potion for 23 gold pieces
  3088 | D:4      | Bought a scroll labeled HIZXUO TEILAOR for 26 gold pieces
  3088 | D:4      | Bought a ruby ring for 130 gold pieces
  3380 | D:4      | Splashed by an orc's acid

Vault maps used:
D:1:      kilobyte_arrival_exit_the_forest
D:2:      st_stairs_7
D:3:      chequers_ecumenical_altar_island, uniq_iyjb
D:4:      serial_shops, nicolae_shop_overgrown_old_shop, first_bread,
          minmay_misc_feat_tiny, st_stairs_4

Skill      XL: |  1  2  3  4  5  6 |
---------------+-------------------+-----
Axes           | 2 3 4 5 6 |  6.8
Fighting       | |  2.0
Armour         | |  0.8
Dodging        | |  1.7
Spellcasting   | |  2.0
Charms         | |  2.6

Action                   |  1- 3 |  4- 6 || total
-------------------------+-------+-------++-------
Melee: Hand axe          |   126 |   300 ||   426
       War axe           |       |    26 ||    26
 Cast: Infusion          |     1 |       ||     1
  Use: Potion            |     1 |     5 ||     6
       Scroll            |       |     3 ||     3
 Stab: Sleeping          |     1 |       ||     1
  Eat: Chunk             |     2 |     7 ||     9
Armor: Leather armour    |    44 |    59 ||   103
       Scale mail        |       |   124 ||   124
Dodge: Dodged            |    80 |   167 ||   247
